AoeStats
← sartorius5559

Arena

509797462Analyzed
2v2 RM · 3d ago on Sep 28, 2026· 36m 8s· 4 players
Game mode
Random Map
Map size
Medium (4 player)
Population
200
Speed
Normal
Resources
Standard
Victory
Conquest
Starting age
Dark Age
Ending age
Imperial Age
RankedLock teamsTeams togetherTeam positionsShared explorationLock speedFull tech treeHidden civsTurbo modeCheats
Victory
Defeat
🇺🇸 Malay · United States
1174
+18
🇺🇸 Celts · United States
1173
+18
🇨🇦 Bohemians · Canada
1222
-18
🇺🇸 Chinese · United States
1205
-18
Riper-Kun
5:06 Loom
11:26 Feudal Age
15:26 Castle Age
14:07 Double-Bit Axe
shampoop
0:53 Loom
10:04 Feudal Age
10:49 Double-Bit Axe
10:47 Horse Collar
16:20 Castle Age
14:50 Stone Mining
17:28 Bow Saw
17:19 Heavy Plow
17:13 Gold Mining
22:48 Fletching
23:57 Forging
23:45 Bodkin Arrow
28:32 Imperial Age
27:00 Ballistics
26:44 Padded Archer Armor
28:00 Leather Archer Armor
28:05 Masonry
29:17 Bracer
30:25 Chemistry
30:57 Ring Archer Armor
31:31 Elite Chu Ko Nu
32:55 Wheelbarrow
33:56 Conscription
sartorius5559
11:45 Feudal Age
14:53 Castle Age
14:17 Loom
15:11 Double-Bit Axe
30:43 Crossbowman
31:32 Fletching
31:43 Padded Archer Armor
33:13 Bodkin Arrow
33:34 Leather Archer Armor
33:42 Ballistics
33:36 Thumb Ring
38:08 Imperial Age
CarverMX32
11:27 Feudal Age
15:23 Castle Age
13:30 Double-Bit Axe
15:06 Horse Collar
17:08 Wheelbarrow
16:59 Loom
26:48 Fletching
29:58 Scale Mail Armor
30:08 Forging
31:36 Padded Archer Armor
31:32 Bodkin Arrow
31:15 Elite Skirmisher
34:39 Hand Cart
34:09 Town Watch
35:13 Leather Archer Armor
Connection lost

Rejoining the realm…

Still unreachable

The connection could not be restored.

Session expired

The server has moved on; the page needs a fresh start.